TOP OF THE 1ST |
Ft. Worth Cattlemen batting - Pitching for Buckhead Bowties : LHP Paul Haines
|
Pitching: LHP Paul Haines
|
|
Batting: RHB Jurgen Flurgenburgen
|
0-0: Ball 1-0: Ball 2-0: Foul Ball, location: 2F 2-1: Swinging Strike 2-2: Foul Ball, location: 2F 2-2: Foul Ball, location: 2F 2-2: Strikes out looking
|
Batting: RHB Peter Holland
|
0-0: Ball 1-0: Foul Ball, location: 2F 1-1: Foul Ball, location: 2F 1-2: Ground out 5-3 (Groundball, 56S, EV 83.1 MPH)
|
Batting: SHB Kolby Hay
|
0-0: Foul Ball, location: 2F 0-1: Called Strike 0-2: Ball 1-2: Ground out 4-3 (Groundball, 4S, EV 65.6 MPH)
|
Top of the 1st over - 0 runs, 0 hits, 0 errors, 0 left on base; Ft. Worth 0 - Buckhead 0 |
BOTTOM OF THE 1ST |
Buckhead Bowties batting - Pitching for Ft. Worth Cattlemen : LHP Allen Werner
|
Pitching: LHP Allen Werner
|
|
Batting: SHB Silvio Capitanio
|
0-0: Called Strike 0-1: Ball 1-1: Swinging Strike 1-2: Ground out 5-3 (Groundball, 56S, EV 75.6 MPH)
|
Batting: LHB Jared Schneider
|
0-0: Ball 1-0: Ball 2-0: Ground out 1-3 (Groundball, 34S, EV 63.8 MPH)
|
Batting: LHB Jesús Encarnación
|
0-0: Fly out, F7 (Flyball, 7, EV 86.2 MPH)
|
Bottom of the 1st over - 0 runs, 0 hits, 0 errors, 0 left on base; Ft. Worth 0 - Buckhead 0 |
TOP OF THE 2ND |
Ft. Worth Cattlemen batting - Pitching for Buckhead Bowties : LHP Paul Haines
|
Batting: RHB Tae-cho Han
|
0-0: Ball 1-0: Foul Ball, location: 2F 1-1: DOUBLE (Groundball, 5L, EV 96.9 MPH)
|
Batting: LHB Semo Hoaloha
|
0-0: Ball 1-0: Ball 2-0: Foul Ball, location: 2F 2-1: Fly out, F7 (Flyball, 7S, EV 78.8 MPH)
|
Batting: RHB Lonnie Doble
|
0-0: Ball 1-0: Ball 2-0: Ground out 2-3 (Groundball, 2L, EV 73.1 MPH) Tae-cho Han to third
|
Batting: LHB Shawn Kyllo
|
0-0: Foul Ball, location: 2F 0-1: Ball 1-1: Ball 2-1: Fly out, F5 (Popup, 15, EV 87.5 MPH)
|
Top of the 2nd over - 0 runs, 1 hit, 0 errors, 1 left on base; Ft. Worth 0 - Buckhead 0 |
BOTTOM OF THE 2ND |
Buckhead Bowties batting - Pitching for Ft. Worth Cattlemen : LHP Allen Werner
|
Batting: LHB Spencer Powell
|
0-0: Ball 1-0: Foul Ball, location: 2F 1-1: Ball 2-1: SINGLE (Flyball, 9LS, EV 90.6 MPH)
|
Batting: LHB Marcus Shill
|
0-0: Ball 1-0: Called Strike 1-1: SINGLE (Line Drive, 34D, EV 99.4 MPH) Spencer Powell to second Runner from 2nd tries for 3rd, SAFE, throw by RF made to third
|
Batting: LHB Charles Godard
|
0-0: SINGLE (Groundball, 34, EV 108.1 MPH) Spencer Powell scores Marcus Shill to second Runner from 2nd tries for 3rd, SAFE, throw by RF made to third
|
Batting: RHB Félix Fernández
|
0-0: Called Strike 0-1: Swinging Strike 0-2: Foul Ball, location: 2F 0-2: Strikes out swinging
|
Batting: RHB Juan Barrón
|
0-0: Ball 1-0: Foul Ball, location: 2F 1-1: Ball 2-1: Called Strike 2-2: Grounds into double play, 6-4-3 (Groundball, 6, EV 87.5 MPH)
|
Bottom of the 2nd over - 1 run, 3 hits, 0 errors, 1 left on base; Ft. Worth 0 - Buckhead 1 |
TOP OF THE 3RD |
Ft. Worth Cattlemen batting - Pitching for Buckhead Bowties : LHP Paul Haines
|
Batting: SHB Takechi Yamashita
|
0-0: Ground out 6-3 (Groundball, 6, EV 103.8 MPH)
|
Batting: SHB Bren Spillane
|
0-0: Called Strike 0-1: Ball 1-1: Called Strike 1-2: Foul Ball, location: 2F 1-2: Strikes out looking
|
Batting: RHB Jurgen Flurgenburgen
|
0-0: Ground out 6-3 (Groundball, 6, EV 85.0 MPH)
|
Top of the 3rd over - 0 runs, 0 hits, 0 errors, 0 left on base; Ft. Worth 0 - Buckhead 1 |
BOTTOM OF THE 3RD |
Buckhead Bowties batting - Pitching for Ft. Worth Cattlemen : LHP Allen Werner
|
Batting: RHB Obiniana Romulo
|
0-0: Ball 1-0: Fly out, F9 (Flyball, 9LS, EV 81.2 MPH)
|
Batting: SHB Silvio Capitanio
|
0-0: Ball 1-0: Called Strike 1-1: Called Strike 1-2: Foul Ball, location: 2F 1-2: SINGLE (Groundball, 6MD, EV 106.2 MPH)
|
Batting: LHB Jared Schneider
|
0-0: SINGLE (Line Drive, 7LS, EV 101.2 MPH) Silvio Capitanio to second
|
Batting: LHB Jesús Encarnación
|
0-0: SINGLE (Line Drive, 7, EV 102.5 MPH) Silvio Capitanio to third Jared Schneider to second
|
Batting: LHB Spencer Powell
|
0-0: Ball 1-0: Ball 2-0: Ball 3-0: Called Strike 3-1: Foul Ball, location: 2F 3-2: Base on Balls Silvio Capitanio scores Jared Schneider to third Jesús Encarnación to second
|
Batting: LHB Marcus Shill
|
0-0: Ball 1-0: SINGLE (Line Drive, 8RS, EV 86.2 MPH) Jared Schneider scores Jesús Encarnación to third Spencer Powell to second
|
Batting: LHB Charles Godard
|
0-0: Foul Ball, location: 2F 0-1: Swinging Strike Balk! Jesús Encarnación scores Spencer Powell to third Marcus Shill to second 0-2: Foul Ball, location: 2F 0-2: Foul Ball, location: 2F 0-2: SINGLE (Flyball, 7LS, EV 92.5 MPH) Spencer Powell scores Marcus Shill to third Runner from 3rd tries for Home, SAFE, no throw by LF
|
Pitching: RHP Ignacio Uribe
|
|
Batting: RHB Félix Fernández
|
0-0: Ball 1-0: Swinging Strike 1-1: Ball 2-1: Swinging Strike 2-2: Ball 3-2: Base on Balls Charles Godard to second
|
Batting: RHB Juan Barrón
|
0-0: Ball 1-0: Grounds into double play, 4-6-3 (Groundball, 4, EV 112.5 MPH)
|
Bottom of the 3rd over - 5 runs, 5 hits, 0 errors, 1 left on base; Ft. Worth 0 - Buckhead 6 |
TOP OF THE 4TH |
Ft. Worth Cattlemen batting - Pitching for Buckhead Bowties : LHP Paul Haines
|
Batting: RHB Peter Holland
|
0-0: Ball 1-0: Ball 2-0: Ball 3-0: Called Strike 3-1: Ground out 6-3 (Groundball, 6, EV 88.8 MPH)
|
Batting: SHB Kolby Hay
|
0-0: Ball 1-0: Foul Ball, location: 2F 1-1: Foul Ball, location: 2F 1-2: Ball 2-2: Ball 3-2: SINGLE (Line Drive, 3D, EV 103.8 MPH)
|
Batting: RHB Tae-cho Han
|
0-0: Swinging Strike 0-1: Foul Ball, location: 2F 0-2: Ball 1-2: Ball 2-2: Ground out 6-3 (Groundball, 6MS, EV 83.8 MPH) Kolby Hay to second
|
Batting: LHB Semo Hoaloha
|
0-0: Foul Ball, location: 2F 0-1: Foul Ball, location: 2F 0-2: Ball 1-2: Ball 2-2: Foul Ball, location: 2F 2-2: Foul Ball, location: 2F 2-2: Foul Ball, location: 2F 2-2: Foul Ball, location: 2F 2-2: Foul Ball, location: 2F 2-2: Foul Ball, location: 2F 2-2: Strikes out swinging
|
Top of the 4th over - 0 runs, 1 hit, 0 errors, 1 left on base; Ft. Worth 0 - Buckhead 6 |
BOTTOM OF THE 4TH |
Buckhead Bowties batting - Pitching for Ft. Worth Cattlemen : RHP Ignacio Uribe
|
Batting: RHB Obiniana Romulo
|
0-0: Ball 1-0: Ground out 6-3 (Groundball, 6, EV 104.4 MPH)
|
Batting: SHB Silvio Capitanio
|
0-0: Ball 1-0: Fly out, F8 (Flyball, 8LS, EV 83.1 MPH)
|
Batting: LHB Jared Schneider
|
0-0: Ball 1-0: Ball 2-0: SINGLE (Groundball, 4D, EV 103.1 MPH)
|
Batting: LHB Jesús Encarnación
|
0-0: Called Strike 0-1: Swinging Strike 0-2: Ball 1-2: Ball 2-2: Foul Ball, location: 2F 2-2: Ball 3-2: 2-RUN HOME RUN (Flyball, 7D, EV 98.8 MPH), Distance : 397 ft
|
Batting: LHB Spencer Powell
|
0-0: Ball 1-0: Foul Ball, location: 2F 1-1: Ball 2-1: Called Strike 2-2: Ball 3-2: Ground out 4-3 (Groundball, 34, EV 83.1 MPH)
|
Bottom of the 4th over - 2 runs, 2 hits, 0 errors, 0 left on base; Ft. Worth 0 - Buckhead 8 |
TOP OF THE 5TH |
Ft. Worth Cattlemen batting - Pitching for Buckhead Bowties : LHP Paul Haines
|
Batting: RHB Lonnie Doble
|
0-0: Ground out 5-3 (Groundball, 56S, EV 84.4 MPH)
|
Batting: LHB Shawn Kyllo
|
0-0: Ball 1-0: Ball 2-0: Foul Ball, location: 2F 2-1: Foul Ball, location: 2F 2-2: Strikes out swinging
|
Batting: SHB Takechi Yamashita
|
0-0: Called Strike 0-1: Swinging Strike 0-2: Ball 1-2: Strikes out swinging
|
Top of the 5th over - 0 runs, 0 hits, 0 errors, 0 left on base; Ft. Worth 0 - Buckhead 8 |
BOTTOM OF THE 5TH |
Buckhead Bowties batting - Pitching for Ft. Worth Cattlemen : RHP Ignacio Uribe
|
Batting: LHB Marcus Shill
|
0-0: Ball 1-0: Called Strike 1-1: Ball 2-1: Ball 3-1: Fly out, F9 (Line Drive, 9D, EV 97.5 MPH)
|
Pitching: RHP Tom Scots
|
|
Batting: LHB Charles Godard
|
0-0: Ground out 6-3 (Groundball, 6, EV 76.9 MPH)
|
Batting: RHB Félix Fernández
|
0-0: Ball 1-0: Ball 2-0: Called Strike 2-1: Swinging Strike 2-2: Ball 3-2: Ground out 4-3 (Groundball, 4, EV 92.5 MPH)
|
Bottom of the 5th over - 0 runs, 0 hits, 0 errors, 0 left on base; Ft. Worth 0 - Buckhead 8 |
TOP OF THE 6TH |
Ft. Worth Cattlemen batting - Pitching for Buckhead Bowties : LHP Paul Haines
|
Batting: SHB Bren Spillane
|
0-0: Ground out 5-3 (Groundball, 56, EV 83.8 MPH)
|
Batting: RHB Jurgen Flurgenburgen
|
0-0: Ground out U3 (Groundball, 3, EV 83.8 MPH)
|
Batting: RHB Peter Holland
|
0-0: Ball 1-0: Ball 2-0: Called Strike 2-1: Swinging Strike 2-2: SINGLE (Groundball, 34D, EV 113.1 MPH)
|
Batting: SHB Kolby Hay
|
0-0: Ball 1-0: Swinging Strike 1-1: Ball 2-1: Fly out, F7 (Line Drive, 7D, EV 84.4 MPH)
|
Top of the 6th over - 0 runs, 1 hit, 0 errors, 1 left on base; Ft. Worth 0 - Buckhead 8 |
BOTTOM OF THE 6TH |
Buckhead Bowties batting - Pitching for Ft. Worth Cattlemen : RHP Tom Scots
|
Batting: RHB Juan Barrón
|
0-0: Ball 1-0: Ball 2-0: Ball 3-0: Fly out, F3 (Line Drive, 3, EV 67.5 MPH)
|
Batting: RHB Obiniana Romulo
|
0-0: SINGLE (Groundball, 6MD, EV 96.2 MPH)
|
Batting: SHB Silvio Capitanio
|
0-0: Ball 1-0: Called Strike 1-1: Ball 2-1: Swinging Strike 2-2: Ball 3-2: DOUBLE (Line Drive, 7LS, EV 90.0 MPH) Obiniana Romulo to third Runner from 3rd tries for Home, SAFE, throw by LF to trailing runner, SAFE at third!
|
Batting: LHB Jared Schneider
|
0-0: Called Strike 0-1: Foul Ball, location: 2F 0-2: DOUBLE (Flyball, 7LM, EV 102.5 MPH) Silvio Capitanio scores
|
Batting: LHB Jesús Encarnación
|
0-0: Ball 1-0: DOUBLE (Line Drive, 8LXD, EV 99.4 MPH) Jared Schneider scores
|
Batting: LHB Spencer Powell
|
0-0: Swinging Strike 0-1: Called Strike 0-2: Strikes out swinging
|
Pitching: RHP Sima Babic
|
|
Batting: LHB Marcus Shill
|
0-0: Ball 1-0: Called Strike 1-1: Ball 2-1: Foul Ball, location: 2F 2-2: Strikes out swinging
|
Bottom of the 6th over - 3 runs, 4 hits, 0 errors, 1 left on base; Ft. Worth 0 - Buckhead 11 |
TOP OF THE 7TH |
Ft. Worth Cattlemen batting - Pitching for Buckhead Bowties : LHP Paul Haines
|
Pinch Hitting: RHB Scotty Glenn
|
0-0: Called Strike 0-1: SINGLE (Groundball, 56S, EV 68.1 MPH) (infield hit)
|
Batting: LHB Semo Hoaloha
|
0-0: SINGLE (Flyball, 89S, EV 91.2 MPH) Scotty Glenn to second
|
Batting: RHB Lonnie Doble
|
0-0: Ball 1-0: Fly out, F1 (Line Drive, P, EV 63.1 MPH)
|
Batting: LHB Shawn Kyllo
|
0-0: Ball Scotty Glenn is caught stealing 3rd base 2-5 1-0: Ball 2-0: Called Strike 2-1: Foul Ball, location: 2F 2-2: Strikes out swinging
|
Top of the 7th over - 0 runs, 2 hits, 0 errors, 1 left on base; Ft. Worth 0 - Buckhead 11 |
BOTTOM OF THE 7TH |
Buckhead Bowties batting - Pitching for Ft. Worth Cattlemen : RHP Sima Babic
|
Now in LF: Scotty Glenn
|
|
Batting: LHB Charles Godard
|
0-0: SINGLE (Groundball, 34D, EV 101.2 MPH)
|
Batting: RHB Félix Fernández
|
0-0: Ball 1-0: Ball 2-0: Called Strike 2-1: Swinging Strike 2-2: Strikes out swinging
|
Pinch Hitting: RHB Barsati Saraf
|
0-0: Ball 1-0: Ball 2-0: Ball 3-0: Base on Balls Charles Godard to second
|
Batting: RHB Obiniana Romulo
|
0-0: Ball 1-0: Ball 2-0: Ball 3-0: Called Strike 3-1: Fly out, F6 (Line Drive, 6, EV 71.9 MPH)
|
Batting: SHB Silvio Capitanio
|
0-0: Called Strike 0-1: Foul Ball, location: 2F 0-2: Ball 1-2: Ball 2-2: Ground out 4-3 (Groundball, 4, EV 78.8 MPH)
|
Bottom of the 7th over - 0 runs, 1 hit, 0 errors, 2 left on base; Ft. Worth 0 - Buckhead 11 |
TOP OF THE 8TH |
Ft. Worth Cattlemen batting - Pitching for Buckhead Bowties : LHP Paul Haines
|
Now at SS: Barsati Saraf
|
|
Batting: SHB Takechi Yamashita
|
0-0: Ball 1-0: Ball 2-0: Called Strike 2-1: SINGLE (Line Drive, 6M, EV 103.1 MPH)
|
Batting: SHB Bren Spillane
|
0-0: Ball 1-0: Called Strike 1-1: SINGLE (Groundball, 56S, EV 61.2 MPH) (infield hit) Takechi Yamashita to second
|
Batting: RHB Jurgen Flurgenburgen
|
0-0: Called Strike 0-1: Called Strike 0-2: Ball 1-2: Foul Ball, location: 2F 1-2: Ball 2-2: Ball 3-2: Fielders Choice at 2nd, 3-6 (Groundball, 3S, EV 82.5 MPH) Takechi Yamashita to third
|
Batting: RHB Peter Holland
|
0-0: Called Strike 0-1: Foul Ball, location: 2F 0-2: Ball 1-2: Ball 2-2: Foul Ball, location: 2F 2-2: Strikes out swinging
|
Pitching: RHP Taalay Ibragimov
|
|
Batting: SHB Kolby Hay
|
0-0: Ball 1-0: Ball 2-0: Called Strike 2-1: Ball 3-1: Foul Ball, location: 2F 3-2: Fly out, F7 (Flyball, 78S, EV 91.2 MPH)
|
Top of the 8th over - 0 runs, 2 hits, 0 errors, 2 left on base; Ft. Worth 0 - Buckhead 11 |
BOTTOM OF THE 8TH |
Buckhead Bowties batting - Pitching for Ft. Worth Cattlemen : RHP Sima Babic
|
Batting: LHB Jared Schneider
|
0-0: Ground out 4-3 (Groundball, 4, EV 83.1 MPH)
|
Batting: LHB Jesús Encarnación
|
0-0: Ball 1-0: SOLO HOME RUN (Flyball, 89XD, EV 92.5 MPH), Distance : 398 ft
|
Batting: LHB Spencer Powell
|
0-0: Swinging Strike 0-1: Called Strike 0-2: Foul Ball, location: 2F 0-2: Strikes out swinging
|
Pinch Hitting: RHB Walke Mehoff
|
0-0: Called Strike 0-1: Swinging Strike 0-2: SINGLE (Groundball, 56D, EV 96.9 MPH)
|
Batting: LHB Charles Godard
|
0-0: Foul Ball, location: 2F 0-1: Swinging Strike 0-2: Ball 1-2: Ball 2-2: Ball 3-2: Base on Balls Walke Mehoff to second
|
Batting: RHB Félix Fernández
|
0-0: Called Strike 0-1: Called Strike 0-2: Ball 1-2: Ball 2-2: DOUBLE (Line Drive, 9LM, EV 112.5 MPH) Walke Mehoff scores Charles Godard to third Runner from 3rd tries for Home, SAFE, throw by RF to trailing runner, SAFE at third!
|
Batting: RHB Barsati Saraf
|
0-0: Ball 1-0: SINGLE (Line Drive, 4D, EV 100.6 MPH) Félix Fernández scores
|
Batting: RHB Obiniana Romulo
|
0-0: Fly out, F7 (Flyball, 78D, EV 91.9 MPH)
|
Bottom of the 8th over - 4 runs, 4 hits, 0 errors, 1 left on base; Ft. Worth 0 - Buckhead 15 |
TOP OF THE 9TH |
Ft. Worth Cattlemen batting - Pitching for Buckhead Bowties : RHP Taalay Ibragimov
|
Now in LF: Walke Mehoff
|
|
Batting: RHB Scotty Glenn
|
0-0: Ball 1-0: Swinging Strike 1-1: Foul Ball, location: 2F 1-2: Ball 2-2: Foul Ball, location: 2F 2-2: Strikes out swinging
|
Batting: LHB Semo Hoaloha
|
0-0: Ball 1-0: Ground out 4-3 (Groundball, 4, EV 83.8 MPH)
|
Batting: RHB Lonnie Doble
|
0-0: Fly out, F7 (Flyball, 78D, EV 95.0 MPH)
|
Top of the 9th over - 0 runs, 0 hits, 0 errors, 0 left on base; Ft. Worth 0 - Buckhead 15 |
|